 Dungeon Crawl Stone Soup version 0.22-a0-422-g9628fc8 (webtiles) character file.

18 Anon1729 the Firebug (level 2, 0/19 HPs)
             Began as a Demonspawn Fire Elementalist on May 18, 2018.
             Slain by a hobgoblin
             ... wielding a +0 club
              (2 damage)
             ... on level 1 of the Dungeon.
             The game lasted 00:01:50 (1012 turns).

Anon1729 the Firebug (Demonspawn Fire Elementalist) Turns: 1012, Time: 00:01:51

Health: 0/19       AC:  2    Str:  8    XL:     2   Next: 51%
Magic:  5/5        EV: 12    Int: 16    God:
Gold:   70         SH:  0    Dex: 13    Spells: 4/5 levels left

rFire    + . .     SeeInvis .   d - +0 club
rCold    . . .     Gourm    .   (no shield)
rNeg     . . .     Faith    .   a - +0 robe
rPois    .         Spirit   .   (no helmet)
rElec    .         Reflect  .   (no cloak)
rCorr    .         Harm     .   (no gloves)
MR       .....                  (no boots)
Stlth    ++........             (no amulet)
HPRegen  0.06/turn              (no ring)
MPRegen  0.09/turn              (no ring)

@: no status effects
A: fire resistance 1
a: no special abilities


You were on level 1 of the Dungeon.
You were hungry.

You visited 1 branch of the dungeon, and saw 1 of its levels.

You collected 70 gold pieces.

Inventory:

Hand Weapons
 d - a +0 club (weapon)
Armour
 a - a +0 robe (worn)
 b - a +2 buckler
Scrolls
 e - a scroll of enchant armour {unknown}
 g - a scroll of enchant weapon {unknown}
Comestibles
 c - 3 rations
 f - a chunk of flesh


   Skills:
 + Level 2.0 Dodging
 + Level 2.0 Stealth
 + Level 0.4 Shields
 + Level 2.1 Spellcasting
 + Level 1.4 Conjurations
 + Level 2.9 Fire Magic


You had 4 spell levels left.
You knew the following spells:

 Your Spells              Type           Power        Failure   Level  Hunger
a - Flame Tongue          Conj/Fire      #....        9%          1    #......

Your spell library contained the following spells:

 Spells                   Type           Power        Failure   Level  Hunger
 Fireball                 Conj/Fire      #.........   93%         5    ######.
 Conjure Flame            Conj/Fire      #.......     26%         3    ###....
 Throw Flame              Conj/Fire      #.....       13%         2    ###....
 Sticky Flame             Conj/Fire      #.......     63%         4    #####..
 Inner Flame              Hex/Fire       #.......     34%         3    ###....


Dungeon Overview and Level Annotations

Branches:
Dungeon (1/15)

Altars:


Innate Abilities, Weirdness & Mutations

Your flesh is heat resistant. (rF+)


Message History

You hit the hobgoblin but do no damage.
The hobgoblin is almost dead.
The hobgoblin hits you but does no damage.
You closely miss the hobgoblin.
The hobgoblin is almost dead.
The hobgoblin hits you but does no damage.
You hit the hobgoblin but do no damage.
The hobgoblin is almost dead.
The hobgoblin misses you.
You barely miss the hobgoblin.
The hobgoblin is almost dead.
The hobgoblin hits you with a club.
* * * LOW HITPOINT WARNING * * *
You hit the hobgoblin but do no damage.
The hobgoblin is almost dead.
The hobgoblin closely misses you. The hobgoblin barely misses you.
You barely miss the hobgoblin.
The hobgoblin is almost dead.
The hobgoblin hits you with a club.
You die...

..# #....###.###### ##.
### #....# #.# .# ##.#
#....# #.# #####.###
##.## #....# ..
#........ ##.### #....#
#.##........ ##.####
#....# #..#........
#.####. #....+
#.#........ ##.##.#
#####....# #..........
##.##. .........#
..##.@g...... ##.##
.........###.##$####+###
##.# .............##.##
##.## ....[........##>.#
##.###
...####'#....##..#
#.####
##.####.#....##(.##
##.##.
........#.........#
##.##
.#......#.........##
#.###
.#.)..#......#.#...# #
### #


You could see a hobgoblin.

Vanquished Creatures
  A dart slug (D:1)
  2 leopard geckos (D:1)
  2 giant cockroaches (D:1)
  2 goblins (D:1)
  A hobgoblin (D:1)
  3 bats (D:1)
  3 kobolds (D:1)
  A rat (D:1)
15 creatures vanquished.

Notes
Turn   | Place    | Note
-------+----------+-------------------------------------------
     0 | D:1      | Anon1729 the Demonspawn Fire Elementalist began the quest for the Orb.
     0 | D:1      | Reached XP level 1. HP: 13/13 MP: 3/3
   470 | D:1      | Gained mutation: Your flesh is heat resistant. (rF+) [demonic ancestry]
   470 | D:1      | Reached XP level 2. HP: 19/19 MP: 5/5
  1012 | D:1      | Slain by a hobgoblin

Vault maps used:
D:1:      nagdon_arrival_zigzag_paths

Skill      XL: |  1  2 |
---------------+-------+-----
Stealth        | 2 |  2.0
Dodging        | 2 |  2.0
Shields        | |  0.4
Spellcasting   | |  2.1
Conjurations   | |  1.4
Fire Magic     | |  2.9

Action                   || total
-------------------------++-------
Melee: Club              ||    76
       Unarmed           ||     2
 Cast: Flame Tongue      ||    11
Armor: Robe              ||    23
Dodge: Dodged            ||    78

Table legend:
 A = Spawn XP
 B = Non-spawn XP
 C = Spawn XP percentage of total XP
 D = Spawn monster count
 E = Non-spawn monster count
 F = Spawn count percentage of total count
 G = Total turns spent on level
                    A         B        C        D         E        F      G
               +---------+---------+-------+---------+---------+-------+---------
         Total |       0 |      27 |   0.0 |       0 |      15 |   0.0 |  1012
               +---------+---------+-------+---------+---------+-------+---------
           D:1 |       0 |      27 |   0.0 |       0 |      15 |   0.0 |  1012
               +---------+---------+-------+---------+---------+-------+---------
